 Dungeon Crawl Stone Soup version 0.21.1-1-g345015f (webtiles) character file.

3902 Mirai the Cleaver (level 10, -5/93 HPs)
             Began as a Hill Orc Fighter on Mar 12, 2018.
             Was an Elder of Okawaru.
             Slain by a two-headed ogre
             ... wielding a +0 giant club
              (7 damage)
             ... on level 9 of the Dungeon.
             The game lasted 00:17:49 (8084 turns).

Mirai the Cleaver (Hill Orc Fighter)                Turns: 8084, Time: 00:17:50

Health: -5/93      AC: 16    Str: 22    XL:     10   Next: 20%
Magic:  10/10      EV: 13    Int: 11    God:    Okawaru [****..]
Gold:   370        SH:  0    Dex: 17    Spells: 9/9 levels left

rFire    + . .     SeeInvis .   H - +1 battleaxe (freeze)
rCold    + . .     Gourm    .   (shield currently unavailable)
rNeg     + . .     Faith    .   n - +3 leather armour "Leydooku" {Int+3 Dex+6}
rPois    .         Spirit   .   (no helmet)
rElec    .         Reflect  .   l - +2 cloak "Puqoluost" {rF+ MR+}
rCorr    .         Harm     .   s - +2 pair of gloves
MR       +....                  h - +2 pair of boots
Stlth    +.........             (no amulet)
HPRegen  0.25/turn              E - ring of protection from cold
MPRegen  0.12/turn              u - ring of positive energy

@: lethally poisoned (-5 -> -6)
A: no striking features
a: Heroism, Renounce Religion


You were on level 9 of the Dungeon.
You worshipped Okawaru.
Okawaru was greatly pleased with you.
You were not hungry.

You visited 2 branches of the dungeon, and saw 10 of its levels.

You collected 370 gold pieces.

Inventory:

Hand Weapons
 a - a +0 war axe
 H - a +1 battleaxe of freezing (weapon)
 I - a +0 dire flail
Armour
 c - a +0 shield
 h - a +2 pair of boots (worn)
 l - the +2 cloak "Puqoluost" (worn) {rF+ MR+}
   (You found it on level 6 of the Dungeon)

   It protects you from fire.
   It affects your resistance to hostile enchantments.
 m - a +0 buckler
 n - the +3 leather armour "Leydooku" (worn) {Int+3 Dex+6}
   (You found it on level 7 of the Dungeon)

   It affects your intelligence (+3).
   It affects your dexterity (+6).
 s - a +2 pair of gloves (worn)
 y - a +0 leather armour of magic resistance
Jewellery
 j - an uncursed ring of protection from fire
 u - a ring of positive energy (right hand)
 E - a ring of protection from cold (left hand)
Wands
 F - a wand of disintegration (14)
Scrolls
 i - 11 scrolls of identify
 p - 7 scrolls of teleportation
 t - 5 scrolls of remove curse
 A - a scroll of fog
Potions
 e - a potion of curing {unknown}
 o - 4 potions of berserk rage
 r - 2 potions of heal wounds {unknown}
 w - 3 potions of brilliance {unknown}
 x - a potion of cancellation {unknown}
 z - a potion of mutation {unknown}
 B - 3 potions of degeneration {unknown}
 C - a potion of magic
 D - a potion of haste {unknown}
Comestibles
 b - 2 chunks of flesh
 f - 15 rations


   Skills:
 * Level 10.1 Fighting
 + Level 13.0 Axes
 + Level 6.1 Armour
 + Level 3.4 Dodging
 - Level 3.2 Shields


You had 9 spell levels left.
You didn't know any spells.

Dungeon Overview and Level Annotations

Branches:
Dungeon (9/15)             Temple (1/1) D:6
   Lair: D:8-11         Orc: D:9-12

Altars:
Ashenzari
Dithmenos
Elyvilon
Fedhas
Gozag
Kikubaaqudgha
Makhleb
Okawaru
Qazlal
Ru
Trog
Uskayaw
Vehumet
Wu Jian
Yredelemnul

Shops:
D:4 [   D:8 (

Annotations:
D:6 exclusion: statue


Message History

You slash the two-headed ogre! You freeze the two-headed ogre.
The two-headed ogre is moderately wounded.
You slash the worker ant zombie!
You destroy the worker ant zombie!
Okawaru accepts your kill.
The two-headed ogre hits you with a giant club!!
The two-headed ogre barely misses you.
You slash the two-headed ogre! You freeze the two-headed ogre.
The two-headed ogre is heavily wounded.
You feel sick.
The two-headed ogre hits you with a giant club!!
* * * LOW HITPOINT WARNING * * *
The two-headed ogre misses you.
Unknown command.
You hit the two-headed ogre. You freeze the two-headed ogre.
The two-headed ogre is severely wounded.
The two-headed ogre hits you with a giant club!!
* * * LOW HITPOINT WARNING * * *
The two-headed ogre hits you with a giant club!
You die...

. .. . #. ... O. #.#
... ### ... #####.#
.. ..# .... ......#
#.##.##..# ... ..#
#.†@O....# ##.##.#
####.###...
##.##.###########.##
##.......(.........#
[...#.###.))..###..#
......#
#.#...........
###.###
#.#.....##.####
.>#.# #.##.......#
#.#.# #.....######


You could see a two-headed ogre.

Vanquished Creatures
  A two-headed ogre (D:8)
  The ghost of Mirai the Cleaver, a novice HOFi of Okawaru (D:5)
  A hippogriff (D:6)
  A water moccasin (D:7)
  An orc warrior (D:8)
  A phantom (D:5)
  3 ice beasts
  2 ogres
  An eye of draining (D:9)
  A big kobold (D:9)
  2 bullfrogs
  2 scorpions
  4 wights (D:8)
  4 howler monkeys
  3 crimson imps
  A bullfrog zombie (D:7)
  A centaur zombie (D:7)
  A centaur skeleton (D:8)
  3 orc priests
  6 hounds
  5 orc wizards
  Terence (D:3)
  2 iguanas
  7 worker ants
  2 hound zombies (D:6)
  A worker ant zombie (D:9)
  8 gnolls
  8 adders
  An adder skeleton (D:7)
  An adder zombie (D:7)
  3 worms (D:2)
  A dart slug (D:1)
  9 leopard geckos
  25 orcs
  2 ball pythons
  10 bats
  2 giant cockroaches
  9 goblins
  9 hobgoblins
  11 jackals
  4 quokkas
  9 frilled lizards
  A giant cockroach zombie (D:5)
  12 kobolds
  2 leopard gecko skeletons
  A leopard gecko zombie (D:8)
  2 quokka skeletons
  A quokka zombie (D:5)
  3 rats
192 creatures vanquished.

Vanquished Creatures (others)
  2 plants (D:7)
2 creatures vanquished.

Grand Total: 194 creatures vanquished

Notes
Turn   | Place    | Note
-------+----------+-------------------------------------------
     0 | D:1      | Mirai the Hill Orc Fighter began the quest for the Orb.
     0 | D:1      | Reached XP level 1. HP: 19/19 MP: 1/1
    45 | D:1      | Reached XP level 2. HP: 14/27 MP: 2/2
   247 | D:1      | Reached skill level 3 in Axes
   588 | D:1      | Reached XP level 3. HP: 33/33 MP: 3/3
  1044 | D:2      | Reached XP level 4. HP: 36/40 MP: 4/4
  1047 | D:2      | Reached skill level 4 in Axes
  1782 | D:2      | HP: 3/60 [poisoned by a kobold]
  1788 | D:2      | HP: 2/60 [poisoned by a kobold]
  1795 | D:2      | HP: 1/60 [poisoned by a kobold]
  2344 | D:3      | Found a shadowy altar of Dithmenos.
  2454 | D:3      | You fall through a shaft for 3 floors!
  2474 | D:6      | Reached XP level 5. HP: 34/47 MP: 5/5
  2580 | D:6      | Reached skill level 5 in Axes
  2668 | D:6      | Found a staircase to the Ecumenical Temple.
  2678 | D:6      | Got a spiked cloak
  2689 | D:6      | Identified the +2 cloak "Puqoluost" {rF+ MR+} (You found it on level 6 of the Dungeon)
  2692 | Temple   | Entered the Ecumenical Temple
  2736 | Temple   | Became a worshipper of Warmaster Okawaru
  2779 | D:5      | Entered Level 5 of the Dungeon
  2899 | D:5      | Noticed a phantom
  2920 | D:5      | Killed a phantom
  2920 | D:5      | Reached skill level 6 in Axes
  2920 | D:5      | Reached XP level 6. HP: 49/55 MP: 6/6
  3088 | D:5      | Reached skill level 5 in Fighting
  3088 | D:5      | Reached skill level 1 in Dodging
  3252 | D:5      | Noticed Mirai's ghost (novice HOFi)
  3265 | D:5      | Killed Mirai's ghost
  3265 | D:5      | Reached * piety under Okawaru
  3265 | D:5      | Reached skill level 8 in Axes
  3265 | D:5      | Reached skill level 5 in Armour
  3265 | D:5      | Reached XP level 7. HP: 16/61 MP: 7/7
  3438 | D:5      | Reached skill level 9 in Axes
  3438 | D:5      | Reached XP level 8. HP: 58/70 MP: 8/8
  4033 | D:3      | Found an iron altar of Okawaru.
  4333 | D:3      | Reached skill level 10 in Axes
  4340 | D:3      | Noticed Terence
  4341 | D:3      | Found a white marble altar of Elyvilon.
  4346 | D:3      | Killed Terence
  4346 | D:3      | Reached ** piety under Okawaru
  4400 | D:3      | Found a basalt altar of Yredelemnul.
  4543 | D:4      | Found Matyp's Armour Emporium.
  5241 | D:5      | Found a sacrificial altar of Ru.
  5622 | D:6      | Found a radiant altar of Vehumet.
  5957 | D:6      | Noticed a hippogriff
  5971 | D:6      | Killed a hippogriff
  5971 | D:6      | Reached XP level 9. HP: 39/79 MP: 9/9
  6269 | D:7      | Reached skill level 11 in Axes
  6378 | D:7      | Found an ancient bone altar of Kikubaaqudgha.
  6491 | D:7      | Reached *** piety under Okawaru
  6726 | D:7      | Found an ornate altar of the Wu Jian Council.
  6743 | D:7      | Found a blossoming altar of Fedhas.
  7056 | D:7      | Got a slimy leather armour
  7068 | D:7      | Identified the +3 leather armour "Leydooku" {Int+3 Dex+6} (You found it on level 7 of the Dungeon)
  7105 | D:8      | Found Pasiodib's Antique Weapon Emporium.
  7114 | D:8      | Noticed a two-headed ogre
  7115 | D:8      | Noticed a two-headed ogre
  7220 | D:8      | Killed a two-headed ogre
  7220 | D:8      | Reached **** piety under Okawaru
  7220 | D:8      | Reached skill level 12 in Axes
  7373 | D:8      | Reached XP level 10. HP: 74/91 MP: 10/10
  7745 | D:8      | Found a hide-covered altar of Uskayaw.
  7748 | D:8      | Noticed a hand axe
  7748 | D:8      | Noticed a dagger
  8015 | D:9      | Reached skill level 10 in Fighting
  8032 | D:9      | Found a burning altar of Makhleb.
  8032 | D:9      | Noticed a balrug
  8060 | D:9      | Reached skill level 13 in Axes
  8072 | D:9      | Noticed a two-headed ogre
  8084 | D:9      | HP: 2/93 [two-headed ogre/giant club (21)]
  8084 | D:9      | Slain by a two-headed ogre

Skill      XL: |  1  2  3  4  5  6  7  8  9 10 |
---------------+-------------------------------+-----
Fighting       | 4 5 7 9 10 | 10.1
Axes           | 3 4 6 8 9 10 12 13 | 13.0
Armour         | 4 5 6 |  6.1
Dodging        | 1 2 3 |  3.4
Shields        | |  3.2

Action                   |  1- 3 |  4- 6 |  7- 9 | 10-12 || total
-------------------------+-------+-------+-------+-------++-------
Melee: War axe           |   115 |   160 |   319 |    11 ||   605
       Battleaxe         |       |       |       |    47 ||    47
Invok: Heroism           |       |       |     2 |     1 ||     3
  Use: Potion            |       |     4 |     1 |       ||     5
       Scroll            |       |       |     3 |     9 ||    12
  Eat: Chunk             |     1 |     4 |    13 |     2 ||    20
       Ration            |       |     1 |       |       ||     1
Armor: Scale mail        |    92 |    87 |       |       ||   179
       Skin              |       |    11 |       |       ||    11
       Leather armour    |       |     3 |   119 |    26 ||   148
Dodge: Dodged            |    93 |    72 |   162 |    26 ||   353
Block: Buckler           |     9 |    37 |    72 |     3 ||   121
